 Dungeon Crawl Stone Soup version 0.26-a0-597-gb535b0901c (webtiles) character file.

Game seed: 5138710595536234961

131 Apogee the Conjurer (level 4, -2/24 HPs)
             Began as a Deep Elf Conjurer on Sept 12, 2020.
             Killed from afar by Natasha (5 damage)
             ... with a magic dart
             ... on level 3 of the Dungeon.
             The game lasted 00:04:04 (2424 turns).

Apogee the Conjurer (Deep Elf Conjurer)             Turns: 2424, Time: 00:04:04

Health: -2/24      AC:  3    Str:  4    XL:     4   Next: 91%
Magic:  12/13      EV: 13    Int: 24    God:
Gold:   129        SH:  0    Dex: 13    Spells: 6/13 levels left

rFire    . . .     SeeInvis .   g - +2 short sword (distort) {!w}
rCold    . . .     Faith    .   (no shield)
rNeg     . . .     Spirit   .   a - +0 robe
rPois    .         Reflect  .   b - +0 helmet
rElec    .         Harm     .   (no cloak)
rCorr    .                      (no gloves)
MR       .....                  (no boots)
Stlth    ++........             (no amulet)
HPRegen  0.08/turn              (no ring)
MPRegen  0.13/turn              (no ring)

@: no status effects
A: no striking features
a: no special abilities


You were on level 3 of the Dungeon.
You visited 1 branch of the dungeon, and saw 3 of its levels.

You collected 129 gold pieces.

Inventory:

Hand Weapons
 c - a +0 whip
   (You found it on level 1 of the Dungeon)
 g - a +2 short sword of distortion (weapon) {!w}
   (You took it off a kobold on level 1 of the Dungeon)
Armour
 a - a +0 robe (worn)
 b - a +0 helmet (worn)
   (You found it on level 1 of the Dungeon)
Jewellery
 l - a cursed amulet of inaccuracy {unknown}
   (You found it on level 3 of the Dungeon)
Scrolls
 d - 2 scrolls of identify {unknown}
 e - a scroll of enchant armour {unknown}
 h - a scroll of random uselessness {unknown}
 j - 2 scrolls of teleportation {unknown}
 m - 2 scrolls of immolation {unknown}
Potions
 f - a potion of flight {unknown}
 i - a potion of invisibility {unknown}
 k - a potion of magic {unknown}


   Skills:
 + Level 0.9 Fighting
 + Level 1.1 Short Blades
 + Level 3.0 Dodging
 - Level 2.4 Stealth
 - Level 5.0 Spellcasting
 - Level 5.0 Conjurations
 + Level 1.0 Translocations


You had 6 spell levels left.
You knew the following spells:

 Your Spells              Type           Power        Failure   Level
a - Magic Dart            Conj           ####         1%          1
s - Searing Ray           Conj           ####..       1%          2
x - Iskenderun's Mystic   Conj/Tloc      ###.....     26%         4

Your spell library contained the following spells:

 Spells                   Type           Power        Failure   Level
 Dazzling Flash           Conj/Hex       ###...       10%         3
 Fulminant Prism          Conj/Hex       ###.......   30%         4


Dungeon Overview and Level Annotations

Branches:
Dungeon (3/15)

Altars:

Annotations:
D:3 Natasha


Message History

The adder hisses angrily.
Aim: an adder The magic dart hits the adder.
Aim: an adder (heavily wounded)
The magic dart hits the adder.
Natasha, Servant of Life and Death comes into view.
Natasha moves out of view.
Aim: an adder (almost dead)
The magic dart hits the adder.
You kill the adder!
You start resting.
Natasha is nearby!
Aim: Natasha (wandering, hasn't noticed you)
The searing ray misses Natasha. (Press . to maintain the ray.) Natasha hisses angrily.
Natasha stares at you and mumbles some strange words.
The magic dart hits you.
The searing ray hits Natasha.
Natasha claws you!
* * * LOW HITPOINT WARNING * * *
You are too injured to fight recklessly!
You are too injured to fight recklessly!
You barely miss Natasha. Natasha misses you.
You closely miss Natasha. Natasha misses you.
You hit Natasha.
Space bends around Natasha.
Natasha closely misses you.
You hit Natasha. Natasha claws you!
* * * LOW HITPOINT WARNING * * *
Aim: Natasha (severely wounded)
The searing ray hits Natasha!
You kill Natasha!
Natasha screams in pain as she dies!
Your Short Blades skill increases to level 1!
Your Dodging skill increases to level 3!
Your Translocations skill increases to level 1! (Press . to maintain the ray.)
You see here a rat corpse.
There is an open door here.
There is an open door here.
There is an open door here.
Natasha, Servant of Life and Death comes into view.
Natasha hisses angrily.
You see here a glowing mace.
Natasha stares at you and mumbles some strange words.
You resist with some effort.
There is an open door here.
You close the door.
Natasha opens the door.
Natasha stares at you and mumbles some strange words.
The magic dart hits you.
You die...

#.............†######
+..............'..... .#
#..............###### ##.#
#####'########## ...# #.#
#..####+# ######.######
#.[#....####...........##
#..#....#...............#
...'....#.......@.......#
######
#.##...†#.......#.#.....#
#.....
................#.#.....#
#.....
#.#####.#.......#.#.....#
#..... #.#
#.###h#####.#.....####.....
#.# #.# #.#
#.#######........ #.# #.#
#.## #.#######........ #†#
#.# #..# #.##.<...........
#.# #.# ##)##
#.##.............


You could see Natasha.

Vanquished Creatures
  Natasha (D:3)
  4 adders
  An ooze (D:2)
  3 worms (D:2)
  3 dart slugs
  2 leopard geckos
  5 bats
  6 giant cockroaches
  5 goblins
  6 hobgoblins
  2 quokkas
  2 frilled lizards
  4 kobolds
  8 rats
52 creatures vanquished.

Notes
Turn   | Place    | Note
-------+----------+-------------------------------------------
     0 | D:1      | Apogee the Deep Elf Conjurer began the quest for the Orb.
     0 | D:1      | Reached XP level 1. HP: 10/10 MP: 6/6
   224 | D:1      | Reached XP level 2. HP: 15/15 MP: 4/8
  1177 | D:2      | Reached skill level 5 in Conjurations
  1177 | D:2      | Reached XP level 3. HP: 19/19 MP: 7/10
  1183 | D:2      | Learned a level 2 spell: Searing Ray
  1657 | D:2      | Reached skill level 5 in Spellcasting
  2024 | D:3      | Reached XP level 4. HP: 24/24 MP: 13/13
  2089 | D:3      | Learned a level 4 spell: Iskenderun's Mystic Blast
  2355 | D:3      | Noticed Natasha
  2388 | D:3      | HP: 1/24 [Natasha (8)]
  2390 | D:3      | Killed Natasha
  2390 | D:3      | Reached skill level 1 in Short Blades
  2390 | D:3      | Reached skill level 1 in Translocations
  2412 | D:3      | Noticed Natasha
  2424 | D:3      | Killed from afar by Natasha

Illustrated notes

Levels and vault maps discovered:
D:1:      scummos_arrival_checkerplants, layout_loops_ring
D:2:      kb_forest_paths, layout_basic
D:3:      layout_basic, uniq_natasha

Skill      XL: |  1  2  3  4 |
---------------+-------------+-----
Spellcasting   | 4 5 |  5.0
Conjurations   | 5 |  5.0
Short Blades   | 1 |  1.1
Dodging        | 3 |  3.0
Translocations | 1 |  1.0
Fighting       | |  0.9
Stealth        | |  2.4

Action                   |  1- 3 |  4- 6 || total
-------------------------+-------+-------++-------
Melee: Short sword       |     9 |     6 ||    15
 Cast: Magic Dart        |    77 |    18 ||    95
       Searing Ray       |       |     2 ||     2
Armor: Robe              |     2 |       ||     2
Dodge: Dodged            |    11 |     5 ||    16

Table legend: (Time is in decaauts)
 A = Elapsed time spent in this place.
 B = Non-inter-level travel time spent in this place.
 C = Inter-level travel time spent in this place.
 D = Time resting spent in this place.
 E = Time spent auto-exploring this place.
 F = Levels seen in this place.
 G = Mean time per level.
                   A        B        C        D        E       F      G
               +--------+--------+--------+--------+--------+-----+--------+
         Total |   2423 |   2386 |     37 |    181 |   1948 |   3 |  807.7 |
       Dungeon |   2423 |   2386 |     37 |    181 |   1948 |   3 |  807.7 |
               +--------+--------+--------+--------+--------+-----+--------+

Top non-repeatable levels by time:
     D:2: 1216 daAuts
     D:1: 745 daAuts
     D:3: 462 daAuts
